 Dungeon Crawl Stone Soup version 0.29.0-4-gdea44cf6ec (webtiles) character file.

Game seed: 11847937234374779905

39 qw the Ruffian (level 3, 0/28 HPs)
             Began as a Ghoul Fire Elementalist on Aug 29, 2022.
             Slain by a gnoll
             ... wielding a +0 spear
              (1 damage)
             ... on level 2 of the Dungeon.
             The game lasted 00:01:28 (2162 turns).

qw the Ruffian (Ghoul Fire Elementalist)            Turns: 2162, Time: 00:01:29

Health: 0/28       AC:  5    Str: 13    XL:     3   Next: 47%
Magic:  4/4        EV: 10    Int: 10    God:
Gold:   30         SH:  0    Dex:  9    Spells: 4/5 levels left

rFire   . . .      SeeInvis .     - Unarmed
rCold   + . .      Faith    .   (no shield)
rNeg    + + +      Spirit   .   g - +0 ring mail
rPois   inf        Reflect  .   (no helmet)
rElec   .          Harm     .   (no cloak)
rCorr   .          Rampage  .   (no gloves)
Will    .....                   (no boots)
Stlth   +.........              (no amulet)
HPRegen 0.00/turn               (no ring)
MPRegen 0.09/turn               (no ring)

@: inhibited regen
A: claws 1, cold resistance 1, negative energy resistance 3, inhibited
regeneration, torment resistance 2, devour on kill
a: no special abilities


You were on level 2 of the Dungeon.
You visited 1 branch of the dungeon, and saw 2 of its levels.

You collected 30 gold pieces.


Innate Abilities, Weirdness & Mutations

You are immune to poison.
You have sharp fingernails.
Your flesh is cold resistant. (rC+)
You are immune to negative energy. (rN+++)
You do not regenerate when monsters are visible.
You are immune to unholy pain and torment.
You thrive by killing the living.


   Skills:
 - Level 1.0 Fighting
 - Level 1.7 Dodging
 - Level 2.1 Stealth
 + Level 3.0 Unarmed Combat
 - Level 1.7 Spellcasting
 - Level 0.7 Conjurations
 - Level 2.4 Fire Magic


You had 4 spell levels left.
You knew the following spells:

 Your Spells              Type           Power      Damage    Failure   Level
a - Foxfire               Conj/Fire      16%        2x1d4     36%         1

Your spell library contained the following spells:

 Spells                   Type           Power      Damage    Failure   Level
 Scorch                   Fire           10%        2d6       36%         2
 Conjure Flame            Conj/Fire      4%         6-21      73%         3
 Inner Flame              Hex/Fire       3%         N/A       78%         3
 Flame Wave               Conj/Fire      4%         2d5       98%         4

Inventory:

Armour
 g - a +0 ring mail (worn)
Scrolls
 a - a scroll of fear {unknown}
 e - 2 scrolls of enchant weapon
Potions
 h - a potion of berserk rage {unknown}
 j - a potion of brilliance {unknown}
 l - a potion of heal wounds {unknown}

Dungeon Overview and Level Annotations

Branches:
Dungeon (2/15)

Altars:


Message History

Found 8 stones.
A frilled lizard comes into view.
The frilled lizard hisses angrily.
You closely miss the frilled lizard. The frilled lizard closely misses you.
You barely miss the frilled lizard. The frilled lizard bites you.
You closely miss the frilled lizard. You claw the frilled lizard!
You kill the frilled lizard!
You feel better.
A gnoll comes into view. It is wielding a +0 halberd.
1955 ||| Stepping ~*~*~tactically~*~*~ (hiding).
You start waiting.
Done waiting.
2057 ||| Stepping ~*~*~tactically~*~*~ (hiding).
You start waiting.
Done waiting.
The gnoll shouts!
A gnoll comes into view. It is wielding a +0 club.
A gnoll comes into view. It is wielding a +0 spear.
A quokka comes into view.
The gnoll shouts!
You hear a shout!
A gnoll comes into view. It is wielding a +0 spear.
The gnoll shouts!
The gnoll hits you from afar with a +0 halberd.
The gnoll barely misses you.
You scratch the gnoll.
The gnoll is moderately wounded.
The gnoll hits you from afar with a +0 halberd.
The gnoll misses you. The gnoll closely misses you.
The quokka completely misses you.
You scratch the gnoll.
The gnoll is heavily wounded.
The quokka bites you but does no damage.
The gnoll hits you from afar with a +0 halberd!
Ouch! That really hurt!
The gnoll closely misses you.
The gnoll hits you from afar with a +0 spear. x2
You die...

..### ....# ###
....# #.. ....# #.#
....# #.# gg..#
##.##....#
.########...@rg..#
.....(.....#g#......
###.....##.# ####.
#.#.#.#...
#.#.#.#..#.
##.#.#....#.#
##..#.####.. #
###..##.######
#.........#


You could see 4 gnolls and a quokka.

Vanquished Creatures
  5 endoplasms (D:1)
  A giant cockroach (D:1)
  5 goblins (D:1)
  6 hobgoblins (D:1)
  3 kobolds (D:1)
  3 quokkas (D:1)
  2 ball pythons (D:1)
  3 bats (D:1)
  3 frilled lizards
  2 rats (D:1)
33 creatures vanquished.

Notes
Turn   | Place    | Note
-------+----------+-------------------------------------------
     0 | D:1      | qw the Ghoul Fire Elementalist began the quest for the Orb.
     0 | D:1      | Reached XP level 1. HP: 14/14 MP: 2/2
     0 | D:1      | 0 ||| qw: Version: 0.1-a-90-g952f4b7
     0 | D:1      | 0 ||| qw: Game counter: 3876
     0 | D:1      | 0 ||| qw: Always use a shield: true
     0 | D:1      | 0 ||| qw: God list: Okawaru
     0 | D:1      | 0 ||| qw: Allow faded altars: false
     0 | D:1      | 0 ||| qw: Do Orc after D:15 true
     0 | D:1      | 0 ||| qw: Do second Lair branch before Depths: true
     0 | D:1      | 0 ||| qw: Lair rune preference: random
     0 | D:1      | 0 ||| qw: Plans: Normal
     0 | D:1      | 0 ||| PLANNING D:1-11
   154 | D:1      | Reached skill level 1 in Unarmed Combat
   164 | D:1      | 164 ||| Stepping ~*~*~tactically~*~*~ (stealth).
   189 | D:1      | 189 ||| Stepping ~*~*~tactically~*~*~ (stealth).
   232 | D:1      | Reached skill level 1 in Fighting
   232 | D:1      | Reached XP level 2. HP: 23/23 MP: 3/3
   240 | D:1      | 240 ||| Stepping ~*~*~tactically~*~*~ (stealth).
   679 | D:1      | Reached skill level 2 in Unarmed Combat
   684 | D:1      | 684 ||| Stepping ~*~*~tactically~*~*~ (outnumbered).
   977 | D:1      | Reached XP level 3. HP: 28/28 MP: 4/4
  1317 | D:1      | Found a faded altar of an unknown god.
  1452 | D:1      | Reached skill level 3 in Unarmed Combat
  1631 | D:1      | 1631 ||| Stepping ~*~*~tactically~*~*~ (stealth).
  1634 | D:1      | 1634 ||| Stepping ~*~*~tactically~*~*~ (stealth).
  1637 | D:1      | 1637 ||| Stepping ~*~*~tactically~*~*~ (stealth).
  1844 | D:1      | 1844 ||| UPGRADING to +0 leather armour of cold resistance.
  1854 | D:1      | 1854 ||| DROPPING +0 robe.
  1855 | D:1      | 1855 ||| UPGRADING to +0 ring mail.
  1865 | D:1      | 1865 ||| DROPPING +0 leather armour of cold resistance.
  1866 | D:1      | 1866 ||| READING scroll labelled EFIWAQU BOY.
  1867 | D:1      | 1867 ||| READING 3 scrolls labelled UFIWEI NAEBRA.
  1868 | D:1      | 1868 ||| READING scroll labelled YXOINI XETTU.
  1869 | D:1      | 1869 ||| READING scroll labelled COCVATWIGE.
  1870 | D:1      | 1870 ||| READING scroll labelled NUYSME BAYRYE.
  1871 | D:1      | 1871 ||| DROPPING potion of magic.
  1955 | D:2      | 1955 ||| Stepping ~*~*~tactically~*~*~ (hiding).
  2057 | D:2      | 2057 ||| Stepping ~*~*~tactically~*~*~ (hiding).
  2162 | D:2      | HP: 5/28 [gnoll/+0 halberd (14)]
  2162 | D:2      | HP: 1/28 [gnoll/+0 spear (4)]
  2162 | D:2      | Slain by a gnoll

Levels and vault maps discovered:
D:1:      dpeg_arrival_morbid_curiosity, layout_loops_ring,
          hellmonk_ecumenical_altar_inner_sanctum
D:2:      layout_basic, serial_forest, infiniplex_forest_clump_C,
          infiniplex_forest_zigzag_1, infiniplex_forest_lined_room_2,
          infiniplex_forest_side_room, infiniplex_forest_straight_1,
          infiniplex_forest_clump_medium, infiniplex_forest_straight_1

Skill      XL: |  1  2  3 |
---------------+----------+-----
Unarmed Combat | 1 2 3 |  3.0
Fighting       | 1 |  1.0
Dodging        | |  1.7
Stealth        | |  2.1
Spellcasting   | |  1.7
Conjurations   | |  0.7
Fire Magic     | |  2.4

Action                   || total
-------------------------++-------
Melee: Unarmed           ||   115
       Punch             ||     3
  Use: Scroll            ||     5
 Stab: Sleeping          ||     1
Armor: Robe              ||    18
       Ring mail         ||     1
Dodge: Dodged            ||    48

Table legend:
 A = Non-vault XP
 B = Vault XP
 C = Vault XP percentage of total XP
 D = Non-vault monster count
 E = Vault monster count
 F = Vault count percentage of total count
                 A         B        C        D         E       F
            +---------+---------+-------+---------+---------+-------
      Total |      52 |       5 |   8.8 |      30 |       3 |   9.1
            +---------+---------+-------+---------+---------+-------
        D:1 |      51 |       5 |   8.9 |      29 |       3 |   9.4
        D:2 |       1 |       0 |   0.0 |       1 |       0 |   0.0
            +---------+---------+-------+---------+---------+-------
